cohdb
Replays
Latest Replays
All Replays
Popular Replays
Top Player Replays
Match Explorer
How It Works
Community
CoH3 Stats
Reddit
Sign in to upload your games and track your stats! →
Sign in with Steam
Match 45632208
Unlisted
Match 45632208
Overview
Messages
Build Orders
End
Panzerpioneer Squad
250 Light Carrier
250 Light Carrier
Panzerpioneer Squad
Construct Light Support Kompanie
Combat Half-tracks
Selects Panzerjäger Kommand Battlegroup
Selects GrB 39 Grenade Launcher Requisition
Panzerpioneer Squad
Construct Mechanized Kompanie
Panzerjäger Mechanized Group
Marder III Tank Destroyer
8 Rad Armored Car
Selects Mine Fields
Sterben
kamacura
TestingWarHead
Goonsader
是谁最爱吃哈基米
Exf
Gravey
Hello
0
0
Comments
sign in to comment!
No comments posted yet!